 Dungeon Crawl Stone Soup version 0.28.0-1-gb440e238dd (webtiles) character file.

Game seed: 8655562762287390102

64 a3don the Chucker (level 4, -1/38 HPs)
             Began as a Hill Orc Hunter on Feb 21, 2022.
             Slain by an iguana (4 damage)
             ... on level 2 of the Dungeon.
             The game lasted 00:02:13 (2497 turns).

a3don the Chucker (Hill Orc Hunter)                 Turns: 2497, Time: 00:02:14

Health: -1/38      AC:  9    Str: 16    XL:     4   Next: 12%
Magic:  4/4        EV:  7    Int: 11    God:
Gold:   101        SH:  0    Dex: 11    Spells: 3/3 levels left

rFire   . . .      SeeInvis .   a - +0 short sword
rCold   . . .      Faith    .   (no shield)
rNeg    . . .      Spirit   .   j - +0 chain mail
rPois   .          Reflect  .   (no helmet)
rElec   .          Harm     .   (no cloak)
rCorr   .          Rampage  .   q - +0 pair of gloves
Will    +....                   (no boots)
Stlth   ..........              (no amulet)
HPRegen 0.12/turn               e - ring of willpower
MPRegen 0.09/turn               (no ring)

@: mighty, attractive, invisible
A: no striking features
a: no special abilities


You were on level 2 of the Dungeon.
You visited 1 branch of the dungeon, and saw 3 of its levels.

You collected 101 gold pieces.

Inventory:

Hand Weapons
 a - a +0 short sword (weapon)
Missiles
 c - 6 javelins (quivered)
 d - 2 throwing nets
 n - 55 stones
Armour
 b - a +0 leather armour
 j - a +0 chain mail (worn)
 q - a +0 pair of gloves (worn)
 t - the +1 robe "Acefeuth" {rPois rF- rN+}
   (You found it on level 2 of the Dungeon)

   rF:        It makes you vulnerable to fire.
   rPois:     It protects you from poison.
   rN:        It protects you from negative energy.
Jewellery
 e - a ring of willpower (left hand)
Scrolls
 f - a scroll of teleportation {unknown}
 i - a scroll of identify {unknown}
 l - a scroll of summoning {unknown}
 m - a scroll of vulnerability {unknown}
 o - a scroll of immolation {unknown}
 r - a scroll of brand weapon {unknown}
Potions
 h - a potion of lignification {unknown}
 k - 4 potions of attraction
 p - a potion of degeneration {unknown}
 s - a potion of brilliance {unknown}


   Skills:
 + Level 3.2 Fighting
 + Level 1.5 Axes
 - Level 3.7 Throwing
 * Level 1.8 Armour
 - Level 1.8 Dodging
 + Level 1.5 Stealth


You had 3 spell levels left.
You didn't know any spells.
Your spell library contained the following spells:

 Spells                   Type           Power      Damage    Failure   Level
 Shock                    Conj/Air       0%         1d3       100%        1
 Swiftness                Air            0%         N/A       100%        3
 Airstrike                Air            0%         N/A       100%        4


Dungeon Overview and Level Annotations

Branches:
Dungeon (3/15)

Altars:


Message History

An iguana comes into view.
A kobold comes into view. It is wielding a +0 club.
The kobold shouts!
The iguana hisses angrily.
There are monsters nearby!
You hit the iguana but do no damage. The iguana bites you.
You hit the iguana.
The iguana is lightly wounded.
The iguana bites you!
There are monsters nearby!
You hit the iguana but do no damage.
The iguana is lightly wounded.
The iguana barely misses you. The iguana bites you!
There are monsters nearby!
You completely miss the iguana.
The iguana is lightly wounded.
The iguana hisses menacingly.
The iguana bites you!
* * * LOW HITPOINT WARNING * * *
You are too injured to fight recklessly!
You are too injured to fight recklessly!
The kobold throws a stone.
The stone hits you but does no damage.
Found a blue potion.
There is a stone staircase leading up here.
The iguana bites you.
* * * LOW HITPOINT WARNING * * *
You climb upwards.
There is a stone staircase leading down here.
Okay, then.
It was a potion of attraction.
You feel attractive to monsters. The iguana bites you.
* * * LOW HITPOINT WARNING * * *
It was a potion of might.
You feel very mighty all of a sudden. The iguana bites you.
* * * LOW HITPOINT WARNING * * *
It was a potion of invisibility.
You fade into invisibility!
The iguana bites you.
You die...

.########
#.........##..#.## #
.##
##.........###....# #
..#########..........#
##.#.# #
#.......##..#.......##
#...# #
#######....###.....##
###.# # ###
###..####.#### ### #
..# ##.......# # ..#
#...###.#### # ..#
###.####..l@.### #
..####...# #.###...#
###### .......### #.#
###.### ####.....
..###### #.#
#...###....#### ..#
#.# ###...<.####
..##### ####.# #######
......####....#
##.........####
#....######


You could see an iguana.

Vanquished Creatures
  An adder (D:2)
  A dart slug (D:1)
  3 ball pythons
  3 bats
  4 endoplasms
  3 giant cockroaches
  3 goblins (D:1)
  3 hobgoblins
  10 jackals (D:2)
  2 quokkas (D:2)
  4 frilled lizards (D:1)
  7 kobolds
  5 rats
49 creatures vanquished.

Notes
Turn   | Place    | Note
-------+----------+-------------------------------------------
     0 | D:1      | a3don the Hill Orc Hunter began the quest for the Orb.
     0 | D:1      | Reached XP level 1. HP: 18/18 MP: 1/1
   152 | D:1      | Reached skill level 1 in Stealth
   163 | D:1      | Reached XP level 2. HP: 20/25 MP: 2/2
  1132 | D:1      | Reached XP level 3. HP: 30/30 MP: 3/3
  1386 | D:2      | Reached skill level 1 in Armour
  1394 | D:2      | Reached skill level 1 in Axes
  2127 | D:2      | Reached XP level 4. HP: 38/38 MP: 4/4
  2188 | D:2      | Identified the +1 robe "Acefeuth" {rPois rF- rN+}
  2497 | D:2      | Slain by an iguana

Illustrated notes

Levels and vault maps discovered:
D:1:      shiori_arrival_oz, layout_basic, wad_woods_river_04, minmay_tripent
D:2:      layout_rooms, minmay_quadrilaterals
D:3:      layout_basic, uniq_grinder, uniq_crazy_yiuf_cottage

Skill      XL: |  1  2  3 |
---------------+----------+-----
Stealth        | 1 |  1.5
Armour         | 1 |  1.8
Axes           | 1 |  1.5
Fighting       | 3 |  3.2
Throwing       | |  3.7
Dodging        | |  1.8

Action                   |  1- 3 |  4- 6 || total
-------------------------+-------+-------++-------
Melee: Short sword       |   194 |    31 ||   225
       Punch             |     3 |       ||     3
  Use: Potion            |       |     3 ||     3
 Stab: Sleeping          |     1 |       ||     1
Armor: Leather armour    |    18 |       ||    18
       Chain mail        |   152 |    23 ||   175
Dodge: Dodged            |   122 |    14 ||   136
